Map: Eternal Empire LE

Players

INnoVation

  • Race: Terran Terran
  • Spawn Location: 1:00

Serral - Winner!

  • Race: Zerg Zerg
  • Spawn Location: 7:00

Event: StayAtHomestory Cup #1

VOD

Have the link to the VOD?

Description

Time

  • Played on: April 11, 2020, 6:02 p.m.
  • Length: 14:32

All games in this series

Show
View Real Time Build Order
Export as new Build Order

INnoVation Terran 

Build Orders: Reaper Expand, Banshee Rush 

Get SALT Encoding   

  12  0:00  SCV  
  13  0:12  SCV  
  14  0:17  Supply Depot  
  14  0:25  SCV  
  15  0:38  SCV  
  15  0:39  Barracks  
  16  0:43  Refinery  
  16  0:51  SCV  
  17  1:03  SCV  
  18  1:15  SCV  
  19  1:26  Reaper  
  19  1:27  Orbital Command  
  20  1:39  Command Center  
  20  1:52  Supply Depot  
  20  1:53  SCV  
  21  1:58  Marine  
  22  2:05  SCV  
  22  2:08  Factory  
  23  2:16  Marine  
  23  2:18  Refinery  
  23  2:22  SCV  
  25  2:34  SCV, Barracks Reactor  
  26  2:46  SCV  
  27  2:51  Orbital Command  
  27  2:55  Starport  
  27  2:58  SCV  
  28  3:10  Command Center  
  28  3:11  SCV  
  29  3:17  Hellion  
  29  3:19  SCV  
  32  3:24  Hellion  
  32  3:26  SCV  
  35  3:31  SCV, Starport Tech Lab  
  36  3:41  SCV  
  36  3:43  SCV  
  36  3:46  Supply Depot  
  38  3:50  Cloaking Field, Banshee  
  38  3:52  Hellion  
  43  3:55  SCV  
  43  3:56  SCV  
  45  4:08  Hellion  
  47  4:10  SCV x2  
  47  4:11  Supply Depot  
  47  4:12  Barracks Tech Lab  
  47  4:15  Hellion  
  51  4:22  Orbital Command  
  51  4:24  SCV x2  
  53  4:31  Stimpack  
  53  4:34  Banshee  
  53  4:38  SCV x2  
  58  4:44  Barracks  
  58  4:45  Factory Reactor, Barracks  
  58  4:50  SCV x3  
  61  4:53  Supply Depot  
  61  4:54  Marine  
  62  5:00  Engineering Bay x2  
  62  5:03  SCV x2, Refinery, Orbital Command  
  62  5:04  Refinery  
  64  5:12  Marine  
  65  5:15  SCV x2  
  65  5:16  Supply Depot  
  67  5:23  Starport Reactor  
  67  5:26  Terran Infantry Weapons Level 1  
  67  5:27  SCV x2, Terran Infantry Armor Level 1  
  69  5:30  Marine  
  69  5:32  SCV, Barracks  
  69  5:34  Barracks  
  71  5:38  Marine x2  
  71  5:41  SCV x2  
  75  5:44  SCV  
  75  5:45  Marine x2  
  75  5:46  Supply Depot  
  78  5:53  SCV  
  78  5:54  SCV  
  78  5:56  Marine x2  
  78  5:57  SCV  
  80  5:58  Siege Tank  
  80  6:01  Medivac x2  
  80  6:03  Supply Depot  
  87  6:05  Marine x2  
  87  6:06  SCV x2, Marine  
  87  6:09  SCV  
  87  6:11  Combat Shield  
  93  6:15  Supply Depot  
  93  6:18  SCV x2  
  92  6:21  Barracks Reactor x2, SCV  
  92  6:22  Marine x2  
  92  6:23  Marine x3  
  98  6:29  Supply Depot x2  
  98  6:34  Medivac  
  98  6:36  Armory  
  100  6:40  Marine x2  
  100  6:41  Marine x3  
  100  6:42  SCV x3  
  108  6:47  Siege Tank  
  108  6:51  Supply Depot, Refinery x2  
  111  6:58  Marine x2  
  111  6:59  Marine x3  
  111  7:01  Medivac  
  118  7:02  Supply Depot  
  118  7:07  SCV x2  
  118  7:08  SCV  
  121  7:11  Marine x4  
  121  7:14  Supply Depot  
  125  7:16  Marine x3  
  125  7:17  Marine x2  
  130  7:23  Siege Tank  
  130  7:24  Terran Infantry Weapons Level 2  
  130  7:29  Marine x3  
  136  7:31  Supply Depot  
  136  7:32  Terran Infantry Armor Level 2  
  136  7:33  Marine  
  136  7:34  Marine x4  
  136  7:35  Marine  
  142  7:38  Supply Depot  
  142  7:39  Medivac  
  144  7:44  SCV  
  144  7:45  SCV x2  
  144  7:46  Factory  
  144  7:47  Terran Vehicle Weapons Level 1  
  144  7:51  Marine x5  
  147  7:53  Marine x2  
  147  7:58  Marine, Siege Tank  
  148  8:11  Marine x8  
  144  8:16  Marine  
  144  8:17  Medivac x2  
  123  8:27  Drilling Claws  
  123  8:29  Marine x7  
  123  8:30  Siege Tank  
  130  8:36  Factory Reactor  
  130  8:38  Command Center  
  130  8:41  Marine x2  
  124  8:46  Marine  
  124  8:47  Marine x2  
  128  8:50  Medivac x2  
  128  8:53  Marine x2  
  128  8:54  Marauder, Marine  
  136  8:59  Marine x2  
  136  9:02  Widow Mine  
  140  9:05  Concussive Shells  
  140  9:10  Marine  
  140  9:11  Marine x5  
  140  9:15  Marauder  
  140  9:16  Marine  
  145  9:17  Marine  
  123  9:26  Widow Mine x3  
  123  9:28  Marine x2  
  123  9:29  Marine x4  
  126  9:32  Medivac x2  
  126  9:34  Marine x2  
  126  9:36  Marauder  
  131  9:42  Barracks x2  
  131  9:44  SCV x2  
  133  9:45  Barracks  
  133  9:50  Planetary Fortress  
  133  9:52  Widow Mine x2, Sensor Tower  
  137  9:53  Widow Mine  
  137  9:59  Marauder, Marine x6  
  150  10:07  Terran Infantry Weapons Level 3  
  150  10:08  Terran Infantry Armor Level 3  
  151  10:18  Marine x7  
  151  10:21  Marauder  
  159  10:25  Marine  
  159  10:30  Thor  
  159  10:35  Widow Mine x2  
  162  10:41  Marine x3  
  162  10:42  SCV x3, Barracks Tech Lab x2  
  148  10:47  Missile Turret  
  147  10:50  Medivac x2  
  147  10:54  Marauder, Marine x5  
  151  10:59  Marine  
  151  11:00  Widow Mine x2  
  156  11:06  Marauder x2  
  156  11:07  Marine x2  
  162  11:12  Marine x4  
  162  11:17  Thor  
  168  11:22  Marine x3  
  169  11:25  Widow Mine x2, Marine  
  169  11:26  Marine x2  
  169  11:27  Marine  
  173  11:34  Marine  
  173  11:35  Marauder, Marine x2  
  178  11:41  Medivac x2  
  178  11:42  Marine x4  
  178  11:44  Marauder  
  188  11:57  Marine  
  188  12:01  Marine  
  188  12:02  Marauder, Widow Mine x2  
  188  12:04  Marauder, Marine x2, Widow Mine  
  188  12:06  Marauder  
  177  12:18  Marine x5  
  177  12:19  Marine x2  
  177  12:22  Marine x2  
  140  12:24  SCV x3, Marauder, Widow Mine x2  
  140  12:25  Marine  
  140  12:27  Marine, Liberator  
  141  12:31  Widow Mine  
  141  12:36  Marine x2  
  142  12:37  Marine  
  142  12:38  Marine x4  
  142  12:40  Marine  
  142  12:41  SCV  
  148  12:45  Widow Mine  
  148  12:47  Marine x3  
  141  12:51  Widow Mine  
  141  12:53  SCV  
  141  12:54  SCV  
  141  12:58  Marine x3, Barracks Tech Lab  
  141  13:03  Medivac  
  145  13:07  Marine x4  
  145  13:10  Medivac  
  151  13:20  Supply Depot  
  151  13:22  Supply Depot x2  
  151  13:24  SCV, Marine  
  151  13:25  SCV  
  148  13:27  SCV  
  148  13:31  Missile Turret  
  148  13:42  SCV, Marauder, Marine x5  
  148  13:43  Marine x3, Widow Mine  
  148  13:44  Marauder  
  148  13:45  Marine x2  
  142  14:00  Marine x3  
  142  14:02  Marine  
  137  14:03  Marine x7  
  137  14:04  Marine  
Show
View Real Time Build Order
Export as new Build Order

Serral Zerg - Winner!

Build Orders: Hatch First, Muta Ling Bane 

Get SALT Encoding   

  12  0:00  Drone  
  13  0:12  Overlord  
  13  0:17  Drone  
  14  0:30  Drone  
  14  0:31  Drone  
  16  0:48  Hatchery  
  15  0:51  Drone  
  15  0:55  Drone  
  17  0:58  Drone  
  18  1:08  Extractor  
  17  1:13  Spawning Pool  
  17  1:17  Drone  
  17  1:20  Drone  
  18  1:28  Drone  
  19  1:38  Drone  
  20  1:49  Overlord  
  20  2:00  Queen x2  
  25  2:01  Zergling x4  
  26  2:11  Drone x2  
  26  2:12  Metabolic Boost  
  28  2:22  Drone x2  
  30  2:24  Extractor  
  29  2:36  Queen  
  31  2:37  Drone x2  
  33  2:45  Extractor  
  33  2:46  Overlord  
  33  2:47  Drone  
  34  3:01  Drone x2  
  37  3:06  Hatchery  
  37  3:10  Drone x2  
  37  3:11  Drone x2  
  40  3:14  Overlord  
  40  3:20  Queen  
  40  3:24  Drone  
  40  3:25  Drone  
  44  3:30  Overlord  
  44  3:33  Overlord  
  44  3:37  Drone  
  45  3:43  Zergling x2  
  45  3:44  Drone x2  
  45  3:47  Drone  
  45  3:48  Drone x3  
  52  3:55  Queen  
  52  4:00  Zergling x4  
  52  4:01  Drone  
  57  4:07  Drone  
  58  4:13  Drone  
  59  4:21  Drone  
  59  4:23  Zergling x2, Queen, Baneling Nest  
  62  4:25  Lair, Drone x3  
  62  4:28  Overlord  
  62  4:31  Zergling x2, Drone  
  66  4:32  Drone  
  66  4:35  Spore Crawler  
  66  4:36  Spore Crawler  
  67  4:38  Drone x2  
  68  4:46  Overlord x2, Evolution Chamber  
  68  4:47  Drone  
  68  4:48  Drone  
  68  4:49  Spore Crawler  
  68  4:52  Drone, Extractor x2  
  67  4:53  Drone  
  67  4:57  Zergling x4  
  67  4:58  Drone x2  
  72  5:00  Drone  
  72  5:01  Drone  
  72  5:03  Extractor  
  72  5:04  Drone x2  
  75  5:07  Drone x2  
  75  5:13  Zerg Ground Armor Level 1  
  77  5:16  Zergling x2  
  77  5:18  Drone  
  77  5:19  Drone x3  
  82  5:23  Overlord, Overseer  
  82  5:24  Zergling x2  
  82  5:25  Overseer  
  82  5:27  Drone  
  84  5:29  Drone x2  
  84  5:31  Extractor x2  
  84  5:33  Zergling x2  
  85  5:36  Overlord, Centrifical Hooks  
  85  5:38  Drone x2  
  85  5:40  Drone x2  
  88  5:44  Evolution Chamber  
  88  5:45  Evolution Chamber, Drone  
  88  5:49  Drone x2  
  90  5:50  Drone  
  90  5:57  Hatchery  
  90  6:03  Drone x2  
  91  6:07  Overlord, Drone  
  91  6:09  Drone  
  92  6:13  Zerg Melee Weapons Level 1  
  92  6:14  Zergling x14  
  98  6:25  Zergling x6  
  101  6:34  Overlord  
  101  6:38  Zergling x2, Overlord  
  101  6:39  Zergling x4  
  105  6:40  Zergling x10  
  105  6:43  Unknown  
  108  6:49  Baneling x3  
  108  6:50  Baneling x6  
  108  6:52  Drone x3  
  111  6:55  Spire  
  111  7:00  Drone  
  111  7:02  Drone  
  111  7:03  Drone x4  
  111  7:04  Drone  
  111  7:05  Hatchery  
  116  7:08  Zerg Ground Armor Level 2  
  116  7:20  Drone x3  
  119  7:23  Zergling x2  
  119  7:24  Zergling x14  
  119  7:27  Queen  
  129  7:31  Overlord x3  
  129  7:32  Baneling x4  
  129  7:33  Baneling x2  
  129  7:35  Zergling x10  
  134  7:43  Drone  
  134  7:44  Overlord  
  135  7:50  Baneling  
  135  7:51  Baneling x3  
  135  7:52  Baneling x3  
  135  7:53  Zergling x12  
  135  7:56  Baneling x2  
  135  7:57  Baneling x4  
  140  8:00  Zergling x18  
  146  8:07  Baneling x3  
  133  8:18  Zergling x18  
  125  8:22  Baneling x11  
  124  8:27  Zerg Melee Weapons Level 2  
  124  8:34  Zergling x28  
  120  8:40  Baneling x6  
  120  8:41  Baneling x5  
  123  8:45  Zergling x10  
  126  8:50  Zergling x4  
  126  8:53  Hatchery  
  125  8:57  Zerg Flyer Weapons Level 1  
  125  9:01  Zergling x18  
  131  9:05  Baneling x2  
  131  9:08  Baneling x3  
  131  9:12  Zergling x18  
  135  9:22  Zergling x12  
  127  9:30  Mutalisk x6  
  127  9:31  Mutalisk  
  133  9:36  Mutalisk x3  
  140  9:43  Baneling x14  
  140  9:51  Overlord  
  140  9:52  Overlord  
  140  9:53  Zergling x14  
  147  10:00  Overlord x2  
  147  10:02  Overseer, Baneling x2  
  147  10:06  Zergling x14  
  154  10:13  Zergling x14  
  159  10:22  Pneumatized Carapace  
  159  10:23  Mutalisk x5  
  159  10:26  Baneling x6  
  161  10:36  Mutalisk x2  
  161  10:37  Zergling x2  
  161  10:38  Zergling x14  
  167  10:44  Baneling x11  
  167  10:45  Baneling x2  
  167  10:47  Zergling x6  
  165  10:55  Drone  
  165  10:56  Infestation Pit  
  165  10:57  Drone x3  
  165  10:58  Zergling x12  
  170  11:06  Burrow, Baneling x9  
  170  11:08  Overseer  
  170  11:09  Overlord  
  167  11:14  Overseer  
  167  11:15  Mutalisk x3  
  169  11:24  Mutalisk x2  
  170  11:26  Zergling x12  
  170  11:31  Baneling x2  
  176  11:34  Hive  
  176  11:35  Drone  
  177  11:45  Zergling x30  
  192  11:51  Baneling x7  
  192  11:52  Queen  
  194  11:55  Baneling x6  
  194  11:56  Baneling  
  192  12:06  Baneling  
  192  12:07  Baneling x3  
  182  12:11  Zergling x14  
  182  12:12  Zergling x22  
  192  12:17  Baneling x9  
  192  12:22  Zergling x16  
  181  12:28  Zergling x14  
  185  12:33  Baneling  
  185  12:34  Baneling x11  
  181  12:46  Overseer  
  171  12:55  Adrenal Glands  
  171  12:59  Ultralisk Cavern  
  171  13:01  Zergling x20  
  180  13:09  Hatchery  
  180  13:10  Baneling x4  
  180  13:11  Baneling x4  
  165  13:37  Mutalisk x5  
  165  13:39  Baneling  
  165  13:40  Baneling x5  
  165  13:41  Baneling x4  
  175  13:44  Zergling x18  
  175  13:45  Zergling x14  
  178  13:48  Baneling x8  
  178  13:53  Zergling x20  
  181  13:58  Baneling x8  
  171  14:03  Zergling x16  
  171  14:07  Baneling  
  171  14:08  Baneling x7  
  170  14:11  Zergling x4  
  170  14:12  Zergling x2  
  170  14:15  Baneling x5  
Tags
 
Add a new tag
Caveats
  • Supply blocks, unpowered buildings, or Contaminate may cause inaccurate times.
  • Supply counts are checked every 10 seconds.